 Dungeon Crawl Stone Soup version 0.29.1-4-g47bece8355 (webtiles) character file.

Game seed: 9612503229627170829

4 ChadusMaximus the Caller (level 1, -1/10 HPs)
             Began as a Deep Elf Summoner on Dec 5, 2022.
             Slain by a hobgoblin (2 damage)
             ... on level 1 of the Dungeon.
             The game lasted 00:00:40 (410 turns).

ChadusMaximus the Caller (Deep Elf Summoner)         Turns: 410, Time: 00:00:40

Health: -1/10      AC:  2    Str:  5    XL:     1   Next: 50%
Magic:  0/6        EV: 12    Int: 19    God:
Gold:   0          SH:  0    Dex: 15    Spells: 5/6 levels left

rFire   . . .      SeeInvis .   (no weapon)
rCold   . . .      Faith    .   (no shield)
rNeg    . . .      Spirit   .   a - +0 robe
rPois   .          Reflect  .   (no helmet)
rElec   .          Harm     .   (no cloak)
rCorr   .          Rampage  .   (no gloves)
Will    .....                   (no boots)
Stlth   ++........              (no amulet)
HPRegen 0.03/turn               (no ring)
MPRegen 0.10/turn               (no ring)

@: no status effects
A: no striking features
a: no special abilities


You were on level 1 of the Dungeon.
You visited 1 branch of the dungeon, and saw 1 of its levels.

Inventory:

Armour
 a - a +0 robe (worn)
Potions
 b - a potion of magic
 c - a potion of might {unknown}


   Skills:
 + Level 2.5 Dodging
 + Level 2.5 Stealth
 + Level 3.1 Spellcasting
 + Level 4.4 Summonings


You had 5 spell levels left.
You knew the following spells:

 Your Spells              Type           Power      Damage    Failure   Level
a - Summon Small Mammal   Summ           76%        N/A       2%          1

Your spell library contained the following spells:

 Spells                   Type           Power      Damage    Failure   Level
 Call Imp                 Summ           19%        N/A       3%          2
 Call Canine Familiar     Summ           19%        N/A       8%          3
 Summon Guardian Golem    Hex/Summ       11%        N/A       19%         3
 Summon Lightning Spire   Summ/Air       11%        N/A       52%         4


Dungeon Overview and Level Annotations

Branches:
Dungeon (1/15)

Altars:


Message History

Confirm with . or Enter, or press ? or * to list all spells.
Your bat closely misses the hobgoblin.
You swap places.
Your bat hits the giant cockroach but does no damage.
Casting: Summon Small Mammal (safe; 2% risk of failure)
Confirm with . or Enter, or press ? or * to list all spells.
You don't have enough magic to cast this spell.
Unknown command.
Your bat closely misses the giant cockroach.
The giant cockroach barely misses you.
Your bat hits the kobold. Your bat hits the giant cockroach.
Your bat closely misses the kobold.
The hobgoblin hits your bat.
Your bat dies!
Your bat's corpse disappears in a puff of smoke!
The giant cockroach bites you.
* * * LOW HITPOINT WARNING * * *
Your bat barely misses the kobold.
Casting: Summon Small Mammal (safe; 2% risk of failure)
Confirm with . or Enter, or press ? or * to list all spells.
Your bat closely misses the kobold. x2; The giant cockroach bites you.
* * * LOW HITPOINT WARNING * * *
Your bat hits the kobold but does no damage.
Your bat closely misses the kobold.
Your bat hits the kobold.
The kobold hits your bat with a +0 whip.
Your bat dies!
Your bat's corpse disappears in a puff of smoke!
The kobold shouts!
The giant cockroach bites you but does no damage.
The hobgoblin barely misses your quokka.
Your quokka closely misses the giant cockroach.
The kobold throws a stone.
The stone misses you. The giant cockroach bites you.
* * * LOW HITPOINT WARNING * * *
Your quokka barely misses the giant cockroach.
The giant cockroach barely misses you.
Your quokka bites the giant cockroach.
The giant cockroach bites your quokka.
Your quokka bites the giant cockroach.
The giant cockroach dies!
The hobgoblin hits you.
You die...

#.#.#
#.......###.#.##...'.~.
#.#.#
#....^....#.#.####.'.~.
#.#.# #.....#####.#.#
###.~. #.#.#
#........>..#.# #.~~
#.#.# #......######.#
#.~~ #.#.###......# #.#
#.8.~
#.#......#.#.######.#
...##
#.########.#.....##.#
....
#..........#@....##.#
##.......###.g.r.##.#
##.####.# #...†.÷..#
#.# #.###...K....# #.#
#.#..........# #.#
#.#.#........# #.#
#.#.#....#.#.# #.#
#.#.#....#.#.# #.#
#.#.##.###.#.#


You could see a hobgoblin (ally target), a kobold and a friendly quokka
(summoned).

Vanquished Creatures (collateral kills)
  A ball python (D:1)
  A giant cockroach (D:1)
  A bat (D:1)
  A goblin (D:1)
4 creatures vanquished.

Notes
Turn   | Place    | Note
-------+----------+-------------------------------------------
     0 | D:1      | ChadusMaximus the Deep Elf Summoner began the quest for the
                  | Orb.
     0 | D:1      | Reached XP level 1. HP: 10/10 MP: 6/6
   410 | D:1      | Slain by a hobgoblin

Illustrated notes

Levels and vault maps discovered:
D:1:      psy_arrival_whirlpool, layout_basic

Action                   || total
-------------------------++-------
 Cast: Summon Small Mamm ||    17
Armor: Robe              ||     7
Dodge: Dodged            ||    22
